 Dungeon Sprint DCSS version 0.28.0-43-g3370ac3207 (webtiles) character file.

Game seed: 18179432789887924119

3458 boopmooplesden the Fencer (level 9, -3/97 HPs)
             Began as a Minotaur Berserker on Mar 11, 2022.
             Was a High Priest of Trog.
             Slain by a kraken (33 damage)
             ... in the Dungeon (Sprint II: "The Violet Keep of Menkaure").
             The game lasted 00:03:09 (1570 turns).

boopmooplesden the Fencer (Minotaur Berserker)      Turns: 1570, Time: 00:03:10

Health: -3/97      AC: 20    Str: 25    XL:     9   Next: 78%
Magic:  8/8        EV: 11    Int: 14    God:    Trog [*****.]
Gold:   515        SH:  0    Dex: 18    Spells: 8/8 levels left

rFire   . . .      SeeInvis +   k - +0 broad axe of Jusmiema {flame, Dex+7}
rCold   . . .      Faith    .   (no shield)
rNeg    . . .      Spirit   .   j - +6 plate armour of Othrotwu {Drain Int+10 SInv}
rPois   .          Reflect  .   (helmet restricted)
rElec   .          Harm     .   (no cloak)
rCorr   .          Rampage  .   (no gloves)
Will    .....      NoTele   +   (no boots)
Stlth   ..........              (no amulet)
HPRegen 0.26/turn               (no ring)
MPRegen 0.11/turn               (no ring)

@: on berserk cooldown, slowed, very slow
A: horns 2, retaliatory headbutt
a: Renounce Religion, Berserk, Trog's Hand, Brothers in Arms


You were in the Dungeon.
You worshipped Trog.
Trog was extremely pleased with you.
You visited 1 branch You collected 1191 gold pieces.
You spent 676 gold pieces at shops.

Inventory:

Hand Weapons
 a - a +0 falchion
 k - the +0 broad axe of Jusmiema (weapon) {flame, Dex+7}
   (You bought it in a shop in the Dungeon)

   It burns those it strikes, dealing additional fire damage.
   Big, fiery blades are also staple armaments of hydra-hunters.
   Dex:       It affects your dexterity (+7).
Missiles
 v - 5 javelins (quivered)
Armour
 b - a +0 animal skin
 j - the +6 plate armour of Othrotwu (worn) {Drain Int+10 SInv}
   (You bought it in a shop in the Dungeon)

   Int:       It affects your intelligence (+10).
   SInv:      It lets you see invisible.
   Drain:     It drains your maximum health when unequipped.
Jewellery
 l - an amulet of regeneration
 m - a ring of protection from fire
Wands
 i - a wand of acid (11)
Scrolls
 h - a scroll of blinking
 o - a scroll of identify
 p - a scroll of magic mapping
Potions
 c - 4 potions of curing
 d - 2 potions of heal wounds
 e - 2 potions of haste
 f - 5 potions of magic
 g - 2 potions of berserk rage
 n - 4 potions of flight
 r - 2 potions of cancellation
 u - 3 potions of resistance


   Skills:
 + Level 15.5 Fighting
 + Level 17.0 Long Blades
 + Level 8.4 Axes
 + Level 9.0 Armour
 + Level 8.6 Dodging


You had 8 spell levels left.
You didn't know any spells.
Your spell library was empty.

Dungeon Overview and Level Annotations

Branches:
Dungeon (1/1)

Altars:
Cheibriados
Dithmenos
Elyvilon
Fedhas
Gozag
Kikubaaqudgha
Makhleb
Nemelex Xobeh
Okawaru
Qazlal
Ru
Sif Muna
Trog
Uskayaw
Vehumet
Wu Jian
Xom
Yredelemnul
Zin
The Shining One
Jiyva
Lugonu

Shops:
D ((:[=!!???:=![(

Annotations:
D exclusion: oklob plant, Roxanne


Innate Abilities, Weirdness & Mutations

You have a pair of horns on your head.
You reflexively headbutt those who attack you in melee.


Message History

The tentacle slaps you!
You see here 17 stones.
You slash the tentacle! You burn the tentacle.
The tentacle is lightly wounded.
The tentacle completely misses you. The tentacle slaps you!
You hit the tentacle. You burn the tentacle.
The tentacle is moderately wounded.
The tentacle slaps you but does no damage.
You slice the tentacle!! You burn the tentacle! You headbutt the tentacle.
You kill the tentacle!
You slash the tentacle! You burn the tentacle. You headbutt the tentacle!
The tentacle is heavily wounded.
The tentacle slaps you but does no damage.
The tentacle barely misses you.
You barely miss the tentacle.
The tentacle is heavily wounded.
The tentacle slaps you!
You slash the tentacle! You burn the tentacle!
The tentacle is almost dead.
The tentacle slaps you. x2
You slice the tentacle!! You burn the tentacle.
You feel the power of Trog in you as your rage grows.
You kill the tentacle!
You closely miss the tentacle.
You headbutt the tentacle, but do no damage.
The tentacle slaps you.
You slash the tentacle! You burn the tentacle. You headbutt the tentacle!!
The tentacle is severely wounded.
The tentacle slaps you but does no damage.
The tentacle slaps you.
You slash the tentacle! You burn the tentacle. You headbutt the tentacle.
You kill the tentacle!
There is an open door, spattered with blood here.
You feel a strong urge to attack something.
You are no longer berserk.
You are exhausted.
You feel yourself slow down.
The kraken squirts a massive cloud of ink into the water!
The kraken bites you! The kraken bites you!! x2
You die...

.##.#}:▓..).(..)▓▓,,,*,*,+≈,,≈+,*
...####▓..[[....▓▓,,,*,*,+≈,,≈+,*
#..##.#▓.(.)[)(.▓▓,,,*,*,+≈,,≈+,*
+..#..#▓)[[.[(.(▓▓,,,*^*,+≈,,≈+,*
#.^#..#▓()..(..)▓▓,⌠,*,*,*≈,,≈*,*
#.^##)#▓.:(....(▓▓,,,*,*,*≈,,≈*,*
##...##▓▓▓▓▓▓▓§▓▓▓▓+▓*,***≈,,≈***
.≈≈≈≈≈≈≈≈≈≈≈§§...X§≈▓,,,,,,,,**
.≈#+########§###@§§≈▓,,,,,,,**
.≈#_._._...#§§≈##§§≈▓,,,,,,**
.≈#._._._._#≈§§≈####▓****≈**
≈≈#_._._._.#≈§§§≈#*,,*,,*≈*
≈≈#._._._._#§§≈≈§§*,,*,,*≈*
≈≈#.._._._.#≈≈§§≈≈+,,+,,*≈*
§≈#..._._._#≈§§≈≈≈#,,*,,*≈*
§§#...._._,*≈≈≈≈≈≈*,,*,,*≈*
≈≈*,,,,,_,,*≈≈≈≈*********≈*


You could see a kraken.

Vanquished Creatures
  2 boulder beetles (D)
  A merfolk siren (D)
  A yaktaur (D)
  3 polar bears (D)
  A hornet (D)
  A blink frog (D)
  Menkaure (D)
  3 water moccasins (D)
  4 scorpions (D)
  3 worms (D)
  4 tentacles (D)
24 creatures vanquished.

Vanquished Creatures (others)
  A water moccasin (D)
  8 tentacles (D)
9 creatures vanquished.

Grand Total: 33 creatures vanquished

Notes
Turn   | Place    | Note
-------+----------+-------------------------------------------
     0 | D        | boopmooplesden the Minotaur Berserker began the quest for
                  | the Orb.
     0 | D        | Reached XP level 1. HP: 19/19 MP: 0/0
     1 | D        | Noticed a scorpion
     1 | D        | Noticed a scorpion
     1 | D        | Noticed a scorpion
     1 | D        | Noticed a scorpion
     5 | D        | Killed a scorpion
     6 | D        | Reached skill level 6 in Long Blades
     6 | D        | Reached XP level 2. HP: 30/31 MP: 1/1
     6 | D        | Reached XP level 3. HP: 37/38 MP: 2/2
     8 | D        | Killed a scorpion
     9 | D        | Reached skill level 8 in Long Blades
     9 | D        | Reached XP level 4. HP: 44/48 MP: 3/3
    11 | D        | Killed a scorpion
    11 | D        | Reached ** piety under Trog
    12 | D        | Reached skill level 9 in Long Blades
    12 | D        | Reached XP level 5. HP: 44/57 MP: 4/4
    16 | D        | Reached skill level 5 in Armour
   188 | D        | Noticed a boulder beetle
   188 | D        | Noticed a boulder beetle
   213 | D        | Identified Roxanne's Volume of Earth
   213 | D        | Noticed Roxanne
   217 | D        | Reached *** piety under Trog
   218 | D        | Reached skill level 10 in Fighting
   319 | D        | Noticed a merfolk siren
   330 | D        | Killed a merfolk siren
   331 | D        | Reached skill level 12 in Long Blades
   331 | D        | Reached XP level 6. HP: 24/70 MP: 5/5
   331 | D        | Reached XP level 7. HP: 26/77 MP: 6/6
   561 | D        | Found Netaqaom's Book Emporium.
   561 | D        | Found Movumm's Distillery.
   561 | D        | Found Mehoa's Magic Scroll Shoppe.
   561 | D        | Found Apnoox's Magic Scroll Shoppe.
   562 | D        | Found Syev's Magic Scroll Shoppe.
   562 | D        | Found Faunu's Weapon Emporium.
   562 | D        | Found Pobb's Jewellery Shoppe.
   562 | D        | Found Nubecs's Antique Armour Shoppe.
   563 | D        | Found Pocaew's Distillery.
   563 | D        | Found Sisy's Distillery.
   563 | D        | Noticed Menkaure
   563 | D        | Noticed a fire dragon
   581 | D        | Killed Menkaure
   581 | D        | Reached **** piety under Trog
   583 | D        | Found Maojon's Jewellery Emporium.
   583 | D        | Found Furoc's Antique Armour Shoppe.
   583 | D        | Noticed an oklob plant
   588 | D        | Noticed a blink frog
   598 | D        | Killed a blink frog
   599 | D        | Reached skill level 13 in Long Blades
   609 | D        | Found Qeah's Antique Weapon Shoppe.
   609 | D        | Found Woisor's Antique Weapon Emporium.
   609 | D        | Found Cawil's Book Shoppe.
   609 | D        | Noticed a shining eye
   613 | D        | Noticed a yak
   623 | D        | Bought a spiked plate armour for 532 gold pieces
   623 | D        | Identified the +6 plate armour of Othrotwu {Drain Int+10
                  | SInv} (You bought it in a shop in the Dungeon)
   636 | D        | Bought a twisted broad axe for 144 gold pieces
   636 | D        | Identified the +0 broad axe of Jusmiema {flame, Dex+7} (You
                  | bought it in a shop in the Dungeon)
   637 | D        | Noticed a yak
   637 | D        | Noticed a yak
   642 | D        | Noticed a shining eye
   717 | D        | Killed a boulder beetle
   718 | D        | Reached skill level 14 in Long Blades
   718 | D        | Reached XP level 8. HP: 73/88 MP: 7/7
   719 | D        | Killed a boulder beetle
   720 | D        | Reached skill level 15 in Long Blades
   720 | D        | Reached skill level 5 in Axes
   720 | D        | Reached XP level 9. HP: 81/96 MP: 8/8
   873 | D        | Found an iron altar of Okawaru.
   873 | D        | Found an opulent altar of Gozag.
   874 | D        | Found a sparkling altar of Nemelex Xobeh.
   874 | D        | Found a blossoming altar of Fedhas.
   875 | D        | Found a radiant altar of Vehumet.
   875 | D        | Found a burning altar of Makhleb.
   875 | D        | Found a white marble altar of Elyvilon.
   876 | D        | Found a hide-covered altar of Uskayaw.
   876 | D        | Found a corrupted altar of Lugonu.
   876 | D        | Found a shadowy altar of Dithmenos.
   877 | D        | Found a glowing silver altar of Zin.
   877 | D        | Found a bloodstained altar of Trog.
   877 | D        | Found an ancient bone altar of Kikubaaqudgha.
   877 | D        | Found a snail-covered altar of Cheibriados.
   878 | D        | Found a basalt altar of Yredelemnul.
   878 | D        | Found a shimmering blue altar of Sif Muna.
   878 | D        | Found a viscous altar of Jiyva.
   879 | D        | Found a shimmering altar of Xom.
   879 | D        | Found a sacrificial altar of Ru.
   880 | D        | Found a glowing golden altar of the Shining One.
   880 | D        | Found an ornate altar of the Wu Jian Council.
   881 | D        | Noticed a yaktaur
   881 | D        | Noticed a polar bear
   881 | D        | Noticed a polar bear
   882 | D        | Noticed a polar bear
   885 | D        | Killed a polar bear
   886 | D        | Reached skill level 16 in Long Blades
   889 | D        | Reached skill level 15 in Fighting
   890 | D        | Killed a polar bear
   890 | D        | Reached ***** piety under Trog
   892 | D        | Killed a yaktaur
   895 | D        | Killed a polar bear
  1062 | D        | Found a stormy altar of Qazlal.
  1069 | D        | Noticed a kraken
  1084 | D        | Reached skill level 17 in Long Blades
  1570 | D        | Slain by a kraken

Illustrated notes

Levels and vault maps discovered:
D:        the_violet_keep_of_menkaure [sprint2_stairs_cluster_1,
          sprint2_shoproom, sprint2_temple, sprint2_basic_supplies,
          sprint2_obstacle_6, sprint2_obstacle_2, sprint2_obstacle_1,
          sprint2_obstacle_7, sprint2_obstacle_5, sprint2_timed_cluster_1,
          sprint2_smallroom_cluster_1, sprint2_smallroom_final_cluster_1,
          sprint2_transparent_cluster_1, sprint2_second_timed_cluster_1,
          sprint2_sniper_area_1, sprint2_heavy_combat_area_1,
          sprint2_mutation_trap_area_1, sprint2_forest_area_1,
          sprint2_light_combat_area_1, sprint2_behind_water_1,
          sprint2_near_end_vault_1]

Skill      XL: |  1  2  3  4  5  6  7  8  9 |
---------------+----------------------------+-----
Fighting       | 6 8 9 12 13 14 15 | 15.5
Long Blades    | 6 8 9 12 14 15 17 | 17.0
Armour         | 3 4 5 7 9 |  9.0
Dodging        | 3 4 6 7 8 |  8.6
Axes           | 3 5 8 |  8.4

Action                   |  1- 3 |  4- 6 |  7- 9 || total
-------------------------+-------+-------+-------++-------
Melee: Falchion          |     6 |    33 |    11 ||    50
       Headbutt          |       |     4 |    15 ||    19
       Broad axe         |       |       |    46 ||    46
       Punch             |       |       |     2 ||     2
Invok: Berserk           |     1 |       |     3 ||     4
  Use: Scroll            |       |       |     8 ||     8
Armor: Plate armour      |       |       |    28 ||    28
       Animal skin       |       |       |     1 ||     1
Dodge: Dodged            |     1 |     3 |    24 ||    28
